 Dungeon Crawl Stone Soup version 0.28-a0-1143-gcf6077d4cc (webtiles) character file.

Game seed: 11428431179016575676

2 spaghetti the Sneak (level 1, -1/19 HPs)
             Began as a Ghoul Delver on Dec 14, 2021.
             Slain by a jackal (2 damage)
             ... on level 5 of the Dungeon.
             The game lasted 00:01:00 (67 turns).

spaghetti the Sneak (Ghoul Delver)                    Turns: 67, Time: 00:01:01

Health: -1/19      AC:  3    Str: 15    XL:     1   Next: 30%
Magic:  0/0        EV: 11    Int:  5    God:
Gold:   0          SH:  0    Dex: 10    Spells: 0/0 levels left

rFire   . . .      SeeInvis .     - Unarmed
rCold   + . .      Faith    .   (no shield)
rNeg    + + +      Spirit   .   a - +0 leather armour
rPois   ∞          Reflect  .   (no helmet)
rElec   .          Harm     .   (no cloak)
rCorr   .          Rampage  .   (no gloves)
Will    .....                   (no boots)
Stlth   +++.......              (no amulet)
HPRegen 0.00/turn               (no ring)
MPRegen 0.07/turn               (no ring)

@: inhibited regen, hasted (expiring), very quick
A: claws 1, cold resistance 1, negative energy resistance 3, inhibited
regeneration, torment resistance 2
a: no special abilities


You were on level 5 of the Dungeon.
You visited 1 branch of the dungeon, and saw 1 of its levels.


Innate Abilities, Weirdness & Mutations

You thrive by killing the living.
You are immune to poison.
You have sharp fingernails.
Your flesh is cold resistant. (rC+)
You are immune to negative energy. (rN+++)
You do not regenerate when monsters are visible.
You are immune to unholy pain and torment.


   Skills:
 - Level 3.2 Fighting
 - Level 1.7 Dodging
 + Level 5.6 Stealth
 - Level 2.1 Unarmed Combat


You couldn't memorise any spells.
You didn't know any spells.
Your spell library was empty.

Inventory:

Missiles
 g - 22 stones (quivered) {throwing}
Armour
 a - a +0 leather armour (worn)
Wands
 f - a wand of digging (3)
Scrolls
 b - a scroll of fog
 c - a scroll of magic mapping {!r}

Dungeon Overview and Level Annotations

Branches:
Dungeon (5/15)
 Temple: D:4-7

Altars:

Annotations:
D:5 Blork the orc

#.#§#§# h.#§#§#
o.#§#§# #.§.#§#
#...#§# ## #...#§#
###. #...#§# #..
#...#.### #h# .
....#§..### #@# ..#
.>#.###...######.#.)#
....# ###§..##oh..#
.....# ###.§..#..#
..##.# ###..#### ###
.# ##.... .# ######
.#


You could see a howler monkey (catching breath) and a jackal.


Message History

You scratch the orc but do no damage. The orc hits you with a +0 club.
* * * LOW HITPOINT WARNING * * *
😨 HP[-4]
You take 4 damage, and now have 8/19 hp.
MASSIVE DAMAGE!! (PAUSE) Unknown command.
You barely miss the orc. The orc closely misses you.
You closely miss the orc. You completely miss the orc.
The orc hits you but does no damage.
You claw the orc!
You kill the orc!
You start resting.
The howler monkey is attracted toward you.
A howler monkey is nearby!
You scratch the howler monkey. You scratch the howler monkey.
The howler monkey hoots and howls with incredible vigour!
You hear a shout! x4; You hear an angry hiss.
You hear a shout!
You barely miss the howler monkey. The howler monkey hits you.
* * * LOW HITPOINT WARNING * * *
😨 HP[-3]
You take 3 damage, and now have 5/19 hp.
Unknown command.
Unknown command.
You barely miss the howler monkey. The howler monkey hits you.
* * * LOW HITPOINT WARNING * * *
😱 HP[-3]
You take 3 damage, and now have 2/19 hp.
Unknown command.
Unknown command.
Unknown command.
Okay, then.
You aren't carrying any potions.
Unknown command.
The howler monkey is attracted toward you.
Blork the orc is attracted toward you.
The howler monkey hoots and howls with incredible vigour!
Blork the orc gestures wildly while chanting.
Blork the orc seems to speed up.
You hear a shout!
You hear an angry growl.
The howler monkey is attracted toward you.
Blork the orc is attracted toward you.
Unknown command.
Unknown command.
The howler monkey is attracted toward you.
Blork the orc is attracted toward you. Blork the orc is attracted toward you.
The howler monkey is attracted toward you.
Blork the orc is attracted toward you. Blork the orc is attracted toward you.
Blork the orc is attracted toward you.
Okay, then.
Okay, then.
Blork the orc is attracted toward you.
Okay, then.
The howler monkey is attracted toward you.
Blork the orc is attracted toward you. Blork the orc is attracted toward you.
The howler monkey hoots and howls with incredible vigour!
You hear a shout!
You hear an angry growl.
You hear a shout!
The howler monkey is attracted toward you.
Blork the orc is attracted toward you. Blork the orc is attracted toward you.
Blork the orc is attracted toward you.
The howler monkey is attracted toward you.
Blork the orc is attracted toward you. Blork the orc is attracted toward you.
Blork the orc is attracted toward you.
The howler monkey hoots and howls with incredible vigour!
You hear a shout!
The howler monkey is attracted toward you.
Blork the orc is attracted toward you. Blork the orc is attracted toward you.
Blork the orc is attracted toward you.
Press: ? - help, v - describe, . - travel
Here: Blork the orc, wielding a +0 short sword, wearing a +0 robe and carrying a wand of flame (18) (fast)
The floor.
The howler monkey is attracted toward you.
Blork the orc is attracted toward you.
The howler monkey hoots and howls with incredible vigour!
You hear a bark!
You hear a shout!
The howler monkey is attracted toward you.
Blork the orc is attracted toward you.
You feel less attractive to monsters.
Okay, then.
Your extra speed is starting to run out.
Unknown command.
Unknown command.
Unknown command.
You open the door.
A jackal comes into view.
The howler monkey hits you.
* * * LOW HITPOINT WARNING * * *
😱 HP[-1]
You take 1 damage, and now have 1/19 hp.
Unknown command.
Unknown command.
Okay, then.
You aren't carrying any potions.
The jackal bites you.
You die...

Action                   || total
-------------------------++-------
Melee: Unarmed           ||    15
  Use: Potion            ||     2
       Scroll            ||     1
 Stab: Sleeping          ||     1
Armor: Leather armour    ||     2
Dodge: Dodged            ||     3

Levels and vault maps discovered:
D:5:      minmay_razor_zed, layout_basic, lemuel_crystal_altar,
          mainiacjoe_overflow_chevrons, mainiacjoe_overflow_catch_the_wave,
          gammafunk_ghost_nasty_kobolds, minmay_checkerbox, uniq_ijyb,
          uniq_blork_the_orc, uniq_duvessa

Notes
Turn   | Place    | Note
-------+----------+-------------------------------------------
     0 | D:5      | spaghetti the Ghoul Delver began the quest for the Orb.
     0 | D:5      | Reached XP level 1. HP: 19/19 MP: 0/0
     0 | D:5      | magus.rc [v1.9.6]
    12 | D:5      | Noticed a howler monkey
    12 | D:5      | Noticed Blork the orc
    36 | D:5      | HP: 2/19 [howler monkey (3)]
    66 | D:5      | HP: 1/19 [howler monkey (1)]
    67 | D:5      | Slain by a jackal

Vanquished Creatures
  An orc (D:5)
1 creature vanquished.

Vanquished Creatures (others)
  27 fungi (D:5)
27 creatures vanquished.

Grand Total: 28 creatures vanquished

Table legend:
 A = Non-vault XP
 B = Vault XP
 C = Vault XP percentage of total XP
 D = Non-vault monster count
 E = Vault monster count
 F = Vault count percentage of total count
                 A         B        C        D         E       F
            +---------+---------+-------+---------+---------+-------
      Total |       0 |       3 | 100.0 |       0 |       1 | 100.0
            +---------+---------+-------+---------+---------+-------
        D:5 |       0 |       3 | 100.0 |       0 |       1 | 100.0
            +---------+---------+-------+---------+---------+-------

Illustrated notes

Table legend:
 A = Kills in this place as a percentage of kills in entire the game.
 B = Kills by you in this place as a percentage of kills by you in the entire game.
 C = Kills by friends in this place as a percentage of kills by friends in the entire game.
 D = Other kills in this place as a percentage of other kills in the entire game.
 E = Experience gained in this place as a percentage of experience gained in the entire game.
 F = Experience gained in this place divided by the number of levels of this place that you have seen.
                   A       B       C       D       E      F
               +-------+-------+-------+-------+-------+----------------------
         Total | 100.0 | 100.0 |   N/A |   N/A | 100.0 |   3.0
       Dungeon | 100.0 | 100.0 |   N/A |   N/A | 100.0 |   3.0
               +-------+-------+-------+-------+-------+----------------------

Table legend: (Time is in decaauts)
 A = Elapsed time spent in this place.
 B = Non-inter-level travel time spent in this place.
 C = Inter-level travel time spent in this place.
 D = Time resting spent in this place.
 E = Time spent auto-exploring this place.
 F = Levels seen in this place.
 G = Mean time per level.
                   A        B        C        D        E       F      G
               +--------+--------+--------+--------+--------+-----+--------+
         Total |     51 |     51 |      0 |      2 |     10 |   1 |   51.0 |
       Dungeon |     51 |     51 |      0 |      2 |     10 |   1 |   51.0 |
               +--------+--------+--------+--------+--------+-----+--------+

Top non-repeatable levels by time:
     D:5: 51 daAuts
